 Dungeon Crawl Stone Soup version 0.25-a0-185-g6cfeca75b2 (webtiles) character file.

Game seed: 18079715756428369771, levelgen mode: deterministic

135 sankara the Ruffian (level 4, -2/35 HPs)
             Began as a Minotaur Transmuter on Nov 27, 2019.
             Slain by Natasha (6 damage)
             ... on level 4 of the Dungeon.
             The game lasted 00:13:55 (2592 turns).

sankara the Ruffian (Minotaur Transmuter)           Turns: 2592, Time: 00:13:55

Health: -2/35      AC:  7    Str: 16    XL:     4   Next: 97%
Magic:  2/5        EV: 10    Int: 10    God:
Gold:   76         SH:  0    Dex: 10    Spells: 1/5 levels left

rFire    . . .     SeeInvis .     - Unarmed
rCold    . . .     Gourm    .   (no shield)
rNeg     . . .     Faith    .   z - +0 scale mail (curse)
rPois    .         Spirit   .   (helmet restricted)
rElec    .         Reflect  .   (no cloak)
rCorr    .         Harm     .   o - +0 pair of gloves
MR       .....                  (boots currently unavailable)
Stlth    ..........             (no amulet)
HPRegen  0.11/turn              (no ring)
MPRegen  0.09/turn              (no ring)

@: appendage, very slightly contaminated, slowed, very slow
A: retaliatory headbutt, horns 2, talons 3
a: End Transformation


You were on level 4 of the Dungeon.
You were not hungry.
You had grown temporary talons.
You visited 1 branch of the dungeon, and saw 4 of its levels.

You collected 76 gold pieces.

Inventory:

Hand Weapons
 b - a +0 hunting sling
   (You found it on level 3 of the Dungeon)
 l - a +0 dagger
   (You took it off a kobold on level 1 of the Dungeon)
 r - a +0 rapier
   (You found it on level 3 of the Dungeon)
Missiles
 a - 51 arrows
 g - 56 bolts
 h - 84 stones (quivered)
 k - 29 sling bullets
 u - 3 boomerangs
 v - 13 poisoned darts
Armour
 f - a +0 buckler
   (You found it on level 1 of the Dungeon)
 o - a +0 pair of gloves (worn)
   (You found it on level 1 of the Dungeon)
 x - a +0 robe
 y - a +0 scale mail
   (You took it off an orc on level 3 of the Dungeon)
 z - a cursed +0 scale mail (worn)
   (You found it on level 3 of the Dungeon)
Scrolls
 c - 2 scrolls of remove curse {unknown}
 i - a scroll of identify {unknown}
 m - a scroll of teleportation {unknown}
 p - a scroll of fear {unknown}
 t - a scroll of enchant armour {unknown}
Potions
 e - 2 potions of might {unknown}
 j - a potion of cancellation {unknown}
 n - a potion of haste
 q - a potion of brilliance {unknown}
 w - 3 potions of curing {unknown}
Comestibles
 d - 9 rations


   Skills:
 - Level 1.2 Fighting
 + Level 0.1 Armour
 - Level 2.1 Dodging
 + Level 5.0 Unarmed Combat
 - Level 1.3 Spellcasting
 + Level 3.2 Transmutations


You had one spell level left.
You knew the following spells:

 Your Spells              Type           Power        Failure   Level  Hunger
a - Beastly Appendage     Tmut           #.....       34%         1    ##.....
b - Sticks to Snakes      Tmut           #.......     45%         2    ###....
c - Animate Skeleton      Necr           N/A          77%         1    ##.....

Your spell library contained the following spells:

 Spells                   Type           Power        Failure   Level  Hunger
 Apportation              Tloc           #.....       77%         1    ##.....
 Confusing Touch          Hex            #.....       77%         1    ##.....
 Summon Small Mammal      Summ           #...         77%         1    ##.....
 Spider Form              Tmut/Pois      #.........   89%         3    ####...
 Ice Form                 Ice/Tmut       #.......     100%        4    #####..
 Blade Hands              Tmut           #.........   100%        5    ######.


Dungeon Overview and Level Annotations

Branches:
Dungeon (4/15)
 Temple: D:4-7

Altars:
Cheibriados
Fedhas
Ru
Yredelemnul

Annotations:
D:4 Natasha


Innate Abilities, Weirdness & Mutations

You reflexively headbutt those who attack you in melee.
You have a pair of horns on your head.
You have claws for feet.


Message History

z - a runed scale mail You are feeling hungry.
You start removing your armour.
You continue taking off your +0 scale mail. x4
You finish taking off your +0 scale mail.
You start putting on your armour.
You continue putting on your runed scale mail. x5
You finish putting on your cursed +0 scale mail.
Oops, that feels deathly cold.
Eating one of 2 chunks of flesh {@w0}.
You eat one of the 2 chunks of flesh {@w0}.
This raw flesh tastes terrible.
Done exploring.
Done exploring.
Done exploring.
(D) Dungeon
Where to? (Enter - D:3 @ (x,y), ? - help)
There is a stone staircase leading down here.
You climb downwards.
You hear the hiss of flowing sand.
There is an entrance to an ossuary on this level.
Hurry and find it before the portal is buried!
There is a stone staircase leading up here.
e - 2 lumpy brown potions (gained 1)
d - 9 rations (gained 1)
Found a stone staircase leading down.
All of the chunks of flesh in your inventory have rotted away.
a - 51 arrows (gained 26)
You now have 76 gold pieces (gained 12).
h - 89 stones (gained 17)
A giant cockroach comes into view.
You are now empty-handed.
Casting: Beastly Appendage (safe; 34% risk of failure)
Confirm with . or Enter, or press ? or * to list all spells.
You miscast Beastly Appendage.
You are very lightly contaminated with residual magic.
Your skin glows momentarily.
You hear the slow hiss of a very distant avalanche of sand.
The giant cockroach closely misses you. The giant cockroach bites you.
You closely miss the giant cockroach. The giant cockroach barely misses you.
You punch the giant cockroach!
You kill the giant cockroach!
No target in view!
b - a +0 hunting sling (weapon)
HP restored.
Magic restored.
Your magical contamination has completely faded away.
Found a stone staircase leading down.
Natasha, Servant of Life and Death comes into view.
She is carrying a wand of flame (12).
Natasha hisses angrily.
Firing (i - inventory. (/) - cycle)
h - 89 stones (quivered)
Press: ? - help, Shift-Dir - straight line, f - Natasha
Aim: Natasha, carrying a wand of flame (12)
You shoot a stone. The stone closely misses Natasha.
Natasha casts a spell at you.
You feel yourself slow down.
Firing (i - inventory. (/) - cycle)
h - 88 stones (quivered)
Press: ? - help, Shift-Dir - straight line, f/p - Natasha
Aim: Natasha, carrying a wand of flame (12)
You shoot a stone. The stone barely misses Natasha.
Unknown command.
Firing (i - inventory. (/) - cycle)
h - 87 stones (quivered)
Press: ? - help, Shift-Dir - straight line, f/p - Natasha
Aim: Natasha, carrying a wand of flame (12)
You shoot a stone.
The stone hits Natasha but does no damage.
Natasha zaps a wand.
The puff of flame hits you.
Firing (i - inventory. (/) - cycle)
h - 86 stones (quivered)
Press: ? - help, Shift-Dir - straight line, f/p - Natasha
Aim: Natasha, carrying a wand of flame (11)
You shoot a stone.
The stone hits Natasha but does no damage.
Natasha casts a spell at you. The magic dart hits you.
Natasha drinks a potion.
Natasha seems to speed up.
Firing (i - inventory. (/) - cycle)
h - 85 stones (quivered)
Press: ? - help, Shift-Dir - straight line, f/p - Natasha
Aim: Natasha, carrying a wand of flame (11) (fast)
You shoot a stone. The stone closely misses Natasha.
Natasha claws you!
Natasha zaps a wand.
The puff of flame hits you.
You are now empty-handed.
Casting: Beastly Appendage (safe; 34% risk of failure)
Confirm with . or Enter, or press ? or * to list all spells.
Your feet morph into talons.
Natasha claws you.
A hound comes into view.
Natasha stares at you and mumbles some strange words.
The magic dart hits you.
* * * LOW HITPOINT WARNING * * *
The hound barks!
You hit Natasha but do no damage. Your headbutt misses Natasha.
Natasha misses you.
Natasha zaps a wand.
The puff of flame hits you.
* * * LOW HITPOINT WARNING * * *
Casting: Beastly Appendage (safe; 34% risk of failure)
Confirm with . or Enter, or press ? or * to list all spells.
You miscast Sticks to Snakes.
You are very lightly contaminated with residual magic.
Your hands glow momentarily.
Natasha mumbles some strange words.
Natasha closely misses you.
An ooze comes into view.
Natasha claws you.
You die...

.#..#...########
....#...........
########..########
J.................
...######..#######
.... #........##
..... ###........
......###..###.##
(...((h@.......#
......###.#......
..... #.........
.... #.#.......
### .. ....... .#.
....... #.#.
....... # #.
#..#... #. .>#...


You could see Natasha and an ooze (wandering).

Vanquished Creatures
  A hound skeleton (D:3)
  A worker ant zombie (D:3)
  3 adders
  An ooze (D:2)
  An adder skeleton (D:3)
  3 worms
  3 dart slugs
  4 orcs (D:3)
  5 giant cockroaches
  4 goblins
  6 hobgoblins
  3 jackals (D:1)
  10 kobolds
  A quokka (D:2)
  3 bats
  3 frilled lizards
  A giant cockroach zombie (D:3)
  A jackal skeleton (D:3)
  A leopard gecko skeleton (D:3)
  A quokka skeleton (D:3)
  3 quokka zombies (D:3)
  5 rats
64 creatures vanquished.

Notes
Turn   | Place    | Note
-------+----------+-------------------------------------------
     0 | D:1      | sankara the Minotaur Transmuter began the quest for the
                  | Orb.
     0 | D:1      | Reached XP level 1. HP: 16/16 MP: 1/1
   323 | D:1      | Reached skill level 2 in Transmutations
   323 | D:1      | Reached XP level 2. HP: 23/23 MP: 0/3
   886 | D:2      | Reached skill level 4 in Unarmed Combat
  1068 | D:2      | Reached XP level 3. HP: 28/28 MP: 2/4
  1403 | D:3      | Found a snail-covered altar of Cheibriados.
  1498 | D:3      | Reached XP level 4. HP: 33/35 MP: 3/5
  1539 | D:3      | Found a sacrificial altar of Ru.
  1875 | D:2      | Reached skill level 3 in Transmutations
  2294 | D:3      | Found a basalt altar of Yredelemnul.
  2294 | D:3      | Found a blossoming altar of Fedhas.
  2313 | D:3      | Reached skill level 5 in Unarmed Combat
  2342 | D:3      | Learned a level 2 spell: Sticks to Snakes
  2344 | D:3      | Learned a level 1 spell: Animate Skeleton
  2583 | D:4      | Noticed Natasha
  2590 | D:4      | HP: 7/35 [Natasha/magic dart (5)]
  2592 | D:4      | Slain by Natasha

Levels and vault maps discovered:
D:1:      dpeg_arrival_concentric_ovals, layout_rooms
D:2:      layout_basic
D:3:      layout_rooms, cheibriados_altar_1, grunt_temple_overflow_open,
          lemuel_crystal_altar, serial_undead, serial_undead_d, serial_undead_d,
          serial_undead_d, serial_undead_b
D:4:      layout_basic, serial_shops, shop, enter_ossuary_3, uniq_natasha,
          uniq_crazy_yiuf_cottage

Skill      XL: |  1  2  3  4 |
---------------+-------------+-----
Transmutations | 2 3 |  3.2
Unarmed Combat | 4 5 |  5.0
Fighting       | |  1.2
Armour         | |  0.1
Dodging        | |  2.1
Spellcasting   | |  1.3

Action                   |  1- 3 |  4- 6 || total
-------------------------+-------+-------++-------
Melee: Unarmed           |    94 |    47 ||   141
       Headbutt          |    12 |     5 ||    17
       Kick              |    13 |    10 ||    23
       Punch             |     1 |     1 ||     2
 Fire: Hunting sling     |       |    16 ||    16
 Cast: Beastly Appendage |    20 |    14 ||    34
 Stab: Sleeping          |     1 |       ||     1
  Eat: Chunk             |     3 |     4 ||     7
Armor: Robe              |    18 |    12 ||    30
       Scale mail        |       |     1 ||     1
Dodge: Dodged            |    50 |    39 ||    89

Table legend:
 A = Non-vault XP
 B = Vault XP
 C = Vault XP percentage of total XP
 D = Non-vault monster count
 E = Vault monster count
 F = Vault count percentage of total count
                 A         B        C        D         E       F
            +---------+---------+-------+---------+---------+-------
      Total |     148 |      46 |  23.7 |      55 |       9 |  14.1
            +---------+---------+-------+---------+---------+-------
        D:1 |      28 |       0 |   0.0 |      16 |       0 |   0.0
        D:2 |      52 |       0 |   0.0 |      21 |       0 |   0.0
        D:3 |      66 |      46 |  41.1 |      17 |       9 |  34.6
        D:4 |       2 |       0 |   0.0 |       1 |       0 |   0.0
            +---------+---------+-------+---------+---------+-------

Levels and vault maps discovered:
D:1:      dpeg_arrival_concentric_ovals, layout_rooms
D:2:      layout_basic
D:3:      layout_rooms, cheibriados_altar_1, grunt_temple_overflow_open,
          lemuel_crystal_altar, serial_undead, serial_undead_d, serial_undead_d,
          serial_undead_d, serial_undead_b
D:4:      layout_basic, serial_shops, shop, enter_ossuary_3, uniq_natasha,
          uniq_crazy_yiuf_cottage

Table legend:
 A = Turns spent in this place as a percentage of turns spent in the entire game.
 B = Non-inter-level travel turns spent in this place as a percentage of non-inter-level travel turns spent in the entire game.
 C = Inter-level travel turns spent in this place as a percentage of turns spent in this place.
 D = Turns resting spent in this place as a percentage of non-inter-level travel turns spent in this place.
 E = Turns spent auto-exploring this place as a percentage of non-inter-level travel turns spent in this place.
 F = Non-inter-level travel turns spent in this place divided by the number of levels of this place that you've seen.
                   A       B       C       D       E      F
               +-------+-------+-------+-------+-------+----------------------
         Total | 100.0 | 100.0 |   4.3 |  28.3 |  48.6 | 620.2
       Dungeon | 100.0 | 100.0 |   4.3 |  28.3 |  48.6 | 620.2
               +-------+-------+-------+-------+-------+----------------------

Table legend:
 A = Kills in this place as a percentage of kills in entire the game.
 B = Kills by you in this place as a percentage of kills by you in the entire game.
 C = Kills by friends in this place as a percentage of kills by friends in the entire game.
 D = Other kills in this place as a percentage of other kills in the entire game.
 E = Experience gained in this place as a percentage of experience gained in the entire game.
 F = Experience gained in this place divided by the number of levels of this place that you have seen.
                   A       B       C       D       E      F
               +-------+-------+-------+-------+-------+----------------------
         Total | 100.0 | 100.0 |   N/A |   N/A | 100.0 |  48.5
       Dungeon | 100.0 | 100.0 |   N/A |   N/A | 100.0 |  48.5
               +-------+-------+-------+-------+-------+----------------------
